 Zot Defence DCSS version 0.14-a0-3367-g7c2a7eb (webtiles) character file.

45362 Iskender the Blocker (level 13, 95/95 HPs)
             Began as a Hill Orc Fighter on Mar 19, 2014.
             Quit the game in the Realm of Zot (Scenario I: Hall of Zot).
             The game lasted 00:36:59 (3568 turns).

Iskender the Blocker (Hill Orc Fighter)             Turns: 3568, Time: 00:36:59

HP  95/95        AC  9     Str 20      XL: 13   Next: 64%
MP  13/13        EV  9     Int  8      God:
Gold 0           SH 29     Dex 14      Spells:  0 memorised, 12 levels left

rFire  . . .     SeeInvis .     a - +0 war axe
rCold  . . .     Clarity  .     b - +0 scale mail
rNeg   . . .     Conserve .     c - +0 shield
rPois  .         rCorr    .     (no helmet)
rElec  .         rRot     .     (no cloak)
SustAb . .       Spirit   .     (no gloves)
rMut   .         Warding  .     (no boots)
Saprov + . .     Stasis   .     (no amulet)
MR     .....                    (no ring)
                                (no ring)

@: not resistant to hostile enchantments, extremely unstealthy
A: saprovore 1
a: Make dart trap, Make oklob sapling, Make arrow trap, Make plant, Remove
Curse, Make burning bush, Make altar, Make grenades, Make oklob plant, Make net
trap, Make ice statue, Make spear trap, Make alarm trap, Make mushroom circle,
Make bolt trap
}: 1/15 runes: gossamer


You were in the Realm of Zot.
You were not hungry.

You visited 1 branch

Inventory:

Hand weapons
 a - a +0,+0 war axe (weapon)
 j - a +0,+0 club
 n - a +2,+0 short sword of venom
Missiles
 m - 4 darts (quivered)
Armour
 b - a +0 scale mail (worn)
 c - a +0 shield (worn)
Comestibles
 f - a meat ration
Scrolls
 k - a scroll of blinking
Potions
 d - 2 potions of curing
 e - a potion of blood
 g - a potion of heal wounds
 h - a potion of haste
 i - 2 potions of magic


   Skills:
 - Level 3.6 Fighting
 - Level 16.1 Axes
 - Level 11.7 Armour
 + Level 1.2 Dodging
 - Level 16.6 Shields


You had 12 spell levels left.
You didn't know any spells.

Dungeon Overview and Level Annotations

Branches:
    Zot (1/1)

Altars:


Innate Abilities, Weirdness & Mutations

You can tolerate rotten meat.


Message History

a giant spiked club; an ogre corpse; a troll corpse
Things that are here:
a scimitar; a cutlass Your ice beast disappears in a puff of smoke!
You start waiting.
Done waiting.
Things that are here:
a bow; an uncursed glaive; 15 arrows You see here a long sword.
You see here an arrow.
You see here a long sword.
You see here a club.
You see here a club.
Things that are here:
a giant spiked club; a rotting ogre corpse; a rotting troll corpse
Things that are here:
a short sword; a leather armour Quiver which item? (- for none, * to show all) (? for menu, Esc to quit)
Okay, then.
Are you sure you want to abandon this character and quit the game? (Confirm with "yes".)

▓▓∆▓▓ ▓▓∆▓▓ ▓∆|?▓ ▓∆∆∆▓ ▓▓$▓▓ ###
▓▓∆▓▓ #▓▓▓ ########<########
▓▓▓##### .## #..P))^<^<^.)P..#
##..... ..## ##.P.)^^^^^))P.##
##...... ...## #.P%.^)))^))8.#
##....... ....# ##))...)..%)P##
#........ ....# #P%....)@.)P#
#........ ....# ##8...)((...P##
#........ ....# #.P.(..)..)...#
#........ ....# ##).).).)).....##
#........
....###P.....()))....P###........
...###PPP###########PPP###.......
..##PPPP## ##PPP.##......
...PPP### ###PPP....... #######
###########


You could see 2 friendly ice statues, 5 friendly oklob plants and 5 friendly
burning bushes.

Vanquished Creatures
  A two-headed ogre (Zot)
  2 slime creatures (Zot)
  A deep elf mage (Zot)
  An ugly thing (Zot)
  A vampire mosquito (Zot)
  3 adders (Zot)
  A hobgoblin (Zot)
  A quokka (Zot)
  A bat (Zot)
  A giant newt (Zot)
  A kobold (Zot)
  A rat (Zot)
  A crawling corpse (Zot)
  8 fungi (Zot)
  3 plants (Zot)
27 creatures vanquished.

Vanquished Creatures (collateral kills)
  A large abomination (Zot)
  An alligator (Zot)
  2 ogre magi (Zot)
  A small abomination (Zot)
  A tengu warrior (Zot)
  3 centaur warriors (Zot)
  4 skeletal warriors (Zot)
  3 hill giants (Zot)
  A hellion (Zot)
  A deep elf conjurer (Zot)
  A salamander (Zot)
  A wolf spider (Zot)
  2 gargoyles (Zot)
  2 iron devils (Zot)
  3 deep elf priests (Zot)
  3 trolls (Zot)
  A komodo dragon (Zot)
  4 two-headed ogres (Zot)
  2 polar bears (Zot)
  2 vampires (Zot)
  2 merfolk (Zot)
  4 ravens (Zot)
  17 slime creatures (Zot)
  2 grizzly bears (Zot)
  A formicid (Zot)
  A human (Zot)
  5 yaks (Zot)
  A deep elf mage (Zot)
  A wyvern (Zot)
  18 ugly things (Zot)
  4 deep elf fighters (Zot)
  5 golden eyes (Zot)
  A hungry ghost (Zot)
  2 black bears (Zot)
  A brain worm (Zot)
  3 phantoms (Zot)
  A boring beetle (Zot)
  7 ogres (Zot)
  8 centaurs (Zot)
  3 giant frogs (Zot)
  An eye of draining (Zot)
  A crimson imp (Zot)
  An iguana (Zot)
  A worker ant (Zot)
  A crocodile zombie (Zot)
  Jessica (Zot)
  An adder (Zot)
  A gnoll (Zot)
  A worker ant simulacrum (Zot)
  3 giant eyeballs (Zot)
  An orc simulacrum (Zot)
  2 orcs (Zot)
  2 bats (Zot)
  A goblin (Zot)
  2 hobgoblins (Zot)
  5 jackals (Zot)
  6 kobolds (Zot)
  A giant gecko (Zot)
  A giant spore (Zot)
  A crawling corpse (Zot)
  5 fungi (Zot)
  2 plants (Zot)
167 creatures vanquished.

Vanquished Creatures (others)
  An unseen horror (Zot)
  An ice statue (Zot)
  2 oklob plants (Zot)
  5 burning bushes (Zot)
  7 ice beasts (Zot)
  A black bear (Zot)
  3 oklob saplings (Zot)
  A hobgoblin (Zot)
  A fungus (Zot)
  A plant (Zot)
23 creatures vanquished.

Grand Total: 217 creatures vanquished

Notes
Turn   | Place    | Note
--------------------------------------------------------------
     0 | Zot      | Iskender, the Hill Orc Fighter, began the quest for the Orb.
     0 | Zot      | Reached XP level 1. HP: 19/19 MP: 1/1
   503 | Zot      | Reached skill level 4 in Axes
   503 | Zot      | Reached XP level 2. HP: 21/26 MP: 2/2
   506 | Zot      | Reached XP level 3. HP: 26/31 MP: 3/3
   513 | Zot      | Reached skill level 5 in Axes
   586 | Zot      | Reached XP level 4. HP: 33/39 MP: 4/4
   706 | Zot      | Reached skill level 6 in Axes
   784 | Zot      | Reached XP level 5. HP: 45/45 MP: 5/5
  1556 | Zot      | Noticed a phantom
  1578 | Zot      | Killed a phantom
  1578 | Zot      | Reached skill level 7 in Axes
  1668 | Zot      | Noticed a vampire mosquito
  1670 | Zot      | Noticed a cyan ugly thing
  1673 | Zot      | Noticed a slime creature
  1681 | Zot      | Killed a vampire mosquito
  1681 | Zot      | Reached skill level 9 in Axes
  1681 | Zot      | Reached XP level 6. HP: 51/51 MP: 6/6
  1684 | Zot      | Killed a cyan ugly thing
  1684 | Zot      | Reached skill level 10 in Axes
  1684 | Zot      | Reached XP level 7. HP: 57/57 MP: 7/7
  1689 | Zot      | Noticed a cyan ugly thing
  1689 | Zot      | Killed a slime creature
  1689 | Zot      | Reached skill level 11 in Axes
  1689 | Zot      | Reached XP level 8. HP: 50/64 MP: 8/8
  1699 | Zot      | Killed a cyan ugly thing
  1699 | Zot      | Reached skill level 12 in Axes
  1854 | Zot      | Noticed a slime creature
  1856 | Zot      | Killed a slime creature
  1856 | Zot      | Reached skill level 13 in Axes
  1867 | Zot      | Noticed a slime creature
  1874 | Zot      | Killed a slime creature
  2100 | Zot      | Noticed Hoefu
  2108 | Zot      | Killed Hoefu the alligator
  2108 | Zot      | Reached XP level 9. HP: 39/70 MP: 9/9
  2200 | Zot      | Noticed a deep elf priest
  2202 | Zot      | Noticed a deep elf priest
  2211 | Zot      | Killed a deep elf priest
  2214 | Zot      | Reached XP level 10. HP: 55/77 MP: 10/10
  2215 | Zot      | Killed a deep elf priest
  2215 | Zot      | Reached skill level 10 in Shields
  2258 | Zot      | Got a gossamer rune of Zot
  2361 | Zot      | Reached skill level 14 in Axes
  2371 | Zot      | Reached skill level 15 in Axes
  2388 | Zot      | Reached XP level 11. HP: 34/82 MP: 11/11
  2400 | Zot      | Noticed Jessica
  2403 | Zot      | Killed Jessica
  2458 | Zot      | Reached skill level 16 in Axes
  2463 | Zot      | Reached skill level 5 in Armour
  2485 | Zot      | Noticed a deep elf conjurer
  2496 | Zot      | Killed a deep elf conjurer
  2496 | Zot      | Noticed a large abomination
  2518 | Zot      | Killed a large abomination
  2584 | Zot      | Reached XP level 12. HP: 72/90 MP: 12/12
  2880 | Zot      | Reached skill level 15 in Shields
  2994 | Zot      | Reached XP level 13. HP: 95/95 MP: 13/13
  3294 | Zot      | Reached skill level 10 in Armour
  3412 | Zot      | Reached skill level 1 in Dodging
  3568 | Zot      | Quit the game

Action                   |  1- 3 |  4- 6 |  7- 9 | 10-12 | 13-15 || total
-------------------------+-------+-------+-------+-------+-------++-------
Melee: War axe           |    31 |    71 |    24 |    60 |    57 ||   243
 Abil: Make dart trap    |     2 |       |       |       |       ||     2
       Make oklob saplin |     1 |     2 |       |       |       ||     3
       Make plant        |       |     5 |     6 |       |    16 ||    27
       Make oklob plant  |       |       |     3 |     2 |     2 ||     7
       Make burning bush |       |       |     1 |     3 |     6 ||    10
       Make ice statue   |       |       |       |     2 |     1 ||     3
       Make mushroom cir |       |       |       |     2 |       ||     2
       Make bolt trap    |       |       |       |       |     8 ||     8
  Use: Potion            |     1 |     1 |     1 |       |       ||     3
 Stab: Distracted        |       |     1 |     1 |       |       ||     2
       Fleeing           |       |       |       |     1 |       ||     1
